 Dungeon Crawl Stone Soup version 0.27-a0-681-g0c81a3c1c3 (webtiles) character file.

Game seed: 2155055622868650601

45 jasper the Chopper (level 3, -4/31 HPs)
             Began as a Hill Orc Monk on Mar 19, 2021.
             Slain by a worm (10 damage)
             ... on level 2 of the Dungeon.
             The game lasted 00:03:09 (1964 turns).

jasper the Chopper (Hill Orc Monk)                  Turns: 1964, Time: 00:03:09

Health: -4/31      AC:  6    Str: 14    XL:     3   Next: 64%
Magic:  3/3        EV: 11    Int: 10    God:
Gold:   13         SH:  0    Dex: 13    Spells: 2/2 levels left

rFire    . . .     SeeInvis .   a - +0 hand axe
rCold    . . .     Faith    .   (no shield)
rNeg     . . .     Spirit   .   e - +0 ring mail
rPois    .         Reflect  .   (no helmet)
rElec    .         Harm     .   (no cloak)
rCorr    .         Rampage  .   (no gloves)
Will     .....                  f - +0 pair of boots
Stlth    +.........             (no amulet)
HPRegen  0.10/turn              (no ring)
MPRegen  0.08/turn              (no ring)

@: no status effects
A: no striking features
a: no special abilities


You were on level 2 of the Dungeon.
You visited 1 branch of the dungeon, and saw 2 of its levels.

You collected 13 gold pieces.

Inventory:

Hand Weapons
 a - a +0 hand axe (weapon)
Missiles
 g - 59 stones (quivered)
Armour
 b - a +0 robe
 d - a +0 leather armour
 e - a +0 ring mail (worn)
 f - a +0 pair of boots (worn)
Jewellery
 h - a ring of willpower
Scrolls
 c - a scroll of identify {unknown}
 i - a scroll of enchant weapon {unknown}
 k - a scroll of holy word {unknown}
 l - a scroll of blinking {unknown}
Potions
 j - a potion of heal wounds {unknown}


   Skills:
 - Level 3.6 Fighting
 * Level 6.0 Axes
 - Level 2.4 Dodging
 - Level 1.5 Stealth


You had 2 spell levels left.
You didn't know any spells.
Your spell library was empty.

Dungeon Overview and Level Annotations

Branches:
Dungeon (2/15)

Altars:

Shops:
D:1 [


Message History

You closely miss the jackal. You barely miss the worm.
You hit the jackal but do no damage. The jackal misses you.
The jackal bites you but does no damage.
The jackal misses you.
You completely miss the jackal. You hit the worm. You barely miss the jackal.
The jackal bites you but does no damage.
The jackal barely misses you. The worm barely misses you.
You hit the jackal.
You kill the jackal!
You hit the worm but do no damage. You hit the jackal. The jackal bites you.
The jackal closely misses you. The worm bites you.
You take 4 damage, and have 23/31 hp.
You closely miss the goblin. You closely miss the jackal.
You hit the worm but do no damage. The jackal closely misses you.
The goblin misses you.
You closely miss the goblin. You hit the worm but do no damage.
You hit the jackal but do no damage. The jackal barely misses you.
The worm bites you! The goblin hits you with a +0 club.
The jackal bites you but does no damage.
You take 9 damage, and have 14/31 hp.
MASSIVE DAMAGE!!
You hit the goblin.
The goblin is moderately wounded.
You barely miss the jackal. You hit the worm.
The jackal bites you but does no damage.
The goblin hits you with a +0 club.
You take 2 damage, and have 12/31 hp.
You closely miss the goblin.
The goblin is moderately wounded.
You hit the worm. You barely miss the jackal.
The jackal bites you but does no damage.
The worm bites you.
* * * LOW HITPOINT WARNING * * *
The goblin misses you.
You take 6 damage, and have 6/31 hp.
You hit the goblin.
The goblin is severely wounded.
You hit the jackal but do no damage. You hit the worm.
The jackal barely misses you. The jackal closely misses you.
The goblin hits you but does no damage. The worm bites you!
You die...

......# .....
..... ... ... ≈
#.# .P♣♣♣♣
#g#######
≈≈P≈P≈♣#@hg.....
≈≈≈≈≈≈.w########
≈≈≈P♣♣P..# ≈
♣♣..# ♣...#
.......
♣..#.......
♣.w#.......+ ...
#.......#


You could see a worm, a jackal, a hobgoblin and a goblin.

Vanquished Creatures
  An ooze (D:1)
  A giant cockroach (D:1)
  5 goblins (D:1)
  6 hobgoblins (D:1)
  7 jackals
  7 kobolds (D:1)
  4 bats (D:1)
  A frilled lizard (D:1)
  3 rats (D:1)
35 creatures vanquished.

Notes
Turn   | Place    | Note
-------+----------+-------------------------------------------
     0 | D:1      | jasper the Hill Orc Monk began the quest for the Orb.
     0 | D:1      | Reached XP level 1. HP: 19/19 MP: 1/1
   226 | D:1      | Found Uneboank's Antique Armour Emporium.
   558 | D:1      | Reached XP level 2. HP: 10/26 MP: 2/2
   866 | D:1      | Reached skill level 5 in Axes
  1134 | D:1      | Reached XP level 3. HP: 31/31 MP: 3/3
  1952 | D:2      | Reached skill level 6 in Axes
  1964 | D:2      | Slain by a worm

Illustrated notes

Levels and vault maps discovered:
D:1:      heliophobic_arrival_enchanted_forest, layout_basic, serial_shops,
          nicolae_shop_waterfront
D:2:      layout_basic, serial_shops, shop, serial_bayou_crossing

Skill      XL: |  1  2  3 |
---------------+----------+-----
Axes           | 5 6 |  6.0
Fighting       | |  3.6
Dodging        | |  2.4
Stealth        | |  1.5

Action                   || total
-------------------------++-------
Melee: Hand axe          ||   114
Throw: Stone             ||    56
  Use: Potion            ||     1
Armor: Ring mail         ||    50
Dodge: Dodged            ||    77

Table legend: (Time is in decaauts)
 A = Elapsed time spent in this place.
 B = Non-inter-level travel time spent in this place.
 C = Inter-level travel time spent in this place.
 D = Time resting spent in this place.
 E = Time spent auto-exploring this place.
 F = Levels seen in this place.
 G = Mean time per level.
                   A        B        C        D        E       F      G
               +--------+--------+--------+--------+--------+-----+--------+
         Total |   1974 |   1950 |     24 |    626 |    930 |   2 |  987.0 |
       Dungeon |   1974 |   1950 |     24 |    626 |    930 |   2 |  987.0 |
               +--------+--------+--------+--------+--------+-----+--------+

Top non-repeatable levels by time:
     D:1: 1949 daAuts
     D:2: 24 daAuts
